 Dungeon Crawl Stone Soup version 0.25.0-9-g26727b657a (webtiles) character file.

Game seed: 13299069324973250227

36910 mopl the Fighter (level 13, -5/106 HPs)
             Began as a Demonspawn Artificer on June 16, 2020.
             Was the Champion of Makhleb.
             Slain by a red draconian
             ... wielding a +1 great sword of flaming
              (20 damage)
             ... in a volcano.
             The game lasted 00:35:39 (15697 turns).

mopl the Fighter (Demonspawn Artificer)            Turns: 15697, Time: 00:35:39

Health: -5/106     AC: 24    Str: 22    XL:     13   Next: 55%
Magic:  0/30       EV: 13    Int: 13    God:    Makhleb [******]
Gold:   516        SH:  4    Dex: 21    Spells: 12/12 levels left

rFire    + . .     SeeInvis .   b - +3 broad axe (flame)
rCold    . . .     Gourm    .   g - +0 buckler
rNeg     . . .     Faith    .   R - +2 chain mail {rF+}
rPois    .         Spirit   +   (helmet restricted)
rElec    .         Reflect  .   C - +2 cloak {rCorr}
rCorr    +         Harm     .   I - +2 pair of gloves "Foekeogy" {Str+6}
MR       .....                  T - +0 pair of boots
Stlth    ..........             B - amulet of guardian spirit
HPRegen  0.27/turn              x - +6 ring of dexterity
MPRegen  0.22/turn              A - ring of magical power

@: mighty, very slightly contaminated
A: antennae 2, iridescent scales 1, powered by pain 2, spiny 2
a: Minor Destruction, Lesser Servant of Makhleb, Major Destruction, Greater
Servant of Makhleb, Renounce Religion


You were in a volcano.
You worshipped Makhleb.
Makhleb was exalted by your worship.
You were not hungry.

You visited 4 branches of the dungeon, and saw 17 of its levels.
You also visited: Gauntlet and Volcano.

You collected 1840 gold pieces.
You spent 1324 gold pieces at shops.

Inventory:

Hand Weapons
 a - a +2 dagger of venom
 b - a +3 broad axe of flaming (weapon)
Missiles
 e - 15 silver javelins
 i - 3 throwing nets
 v - 78 poisoned darts (quivered)
 N - 36 boomerangs
Armour
 g - a +0 buckler (worn)
 C - a +2 cloak of preservation (worn)
 I - the +2 pair of gloves "Foekeogy" (worn) {Str+6}
   (You found it in a Gauntlet)

   It affects your strength (+6).
 R - a +2 chain mail of fire resistance (worn)
 T - a +0 pair of boots (worn)
 W - a +2 chain mail of magic resistance
Jewellery
 x - a +6 ring of dexterity (left hand)
 A - a ring of magical power (right hand)
 B - an amulet of guardian spirit (around neck)
Wands
 d - a wand of enslavement (7)
 f - a wand of flame (15)
 q - a wand of iceblast (9)
 t - a wand of acid (8)
 H - a wand of polymorph (9)
Scrolls
 h - 7 scrolls of teleportation
 l - 4 scrolls of fog
 n - 4 scrolls of immolation
 o - 2 scrolls of fear
 r - a scroll of blinking
 D - 4 scrolls of remove curse
 E - 3 scrolls of magic mapping
 O - a scroll of brand weapon
 Z - 3 scrolls of vulnerability
Potions
 j - 2 potions of magic
 k - 3 potions of haste
 m - 3 potions of curing
 p - a potion of heal wounds
 u - 3 potions of stabbing
 w - a potion of resistance
 z - a potion of ambrosia
 G - 2 potions of flight
 J - 2 potions of might
 L - 2 potions of brilliance
 M - a potion of lignification
 U - 2 potions of invisibility
Miscellaneous
 Q - a box of beasts
Comestibles
 c - 25 rations
 s - 5 chunks of flesh


   Skills:
 + Level 11.2 Fighting
 - Level 0.8 Short Blades
 * Level 10.2 Axes
 + Level 10.3 Armour
 + Level 8.3 Dodging
 - Level 0.8 Stealth
 + Level 10.9 Invocations
 + Level 7.3 Evocations


You had 12 spell levels left.
You didn't know any spells.
Your spell library contained the following spells:

 Spells                   Type           Power        Failure   Level  Hunger
 Summon Small Mammal      Summ           #...         97%         1    ##.....
 Call Imp                 Summ           #.......     99%         2    ###....
 Call Canine Familiar     Summ           #.......     100%        3    ####...
 Confusing Touch          Hex            #.......     100%        3    ####...
 Gell's Gravitas          Tloc           #.........   100%        3    ####...
 Summon Guardian Golem    Hex/Summ       #.......     100%        3    ####...
 Petrify                  Tmut/Erth      #.......     100%        4    #####..
 Summon Ice Beast         Ice/Summ       #.......     100%        4    #####..
 Summon Lightning Spire   Summ/Air       #.......     100%        4    #####..
 Bolt of Magma            Conj/Fire/Erth #.........   100%        5    ######.
 Iskenderun's Battlesphe  Conj/Chrm      #.......     100%        5    ######.
 Metabolic Englaciation   Hex/Ice        #.........   100%        5    ######.
 Yara's Violent Unravell  Hex/Tmut       #.........   100%        5    ######.
 Iron Shot                Conj/Erth      #.........   100%        6    #######
 Orb of Destruction       Conj           #.........   100%        7    #######
 Spellforged Servitor     Conj/Summ      #.........   100%        7    #######


Dungeon Overview and Level Annotations

Branches:
Dungeon (11/15)            Temple (1/1) D:5            Lair (3/6) D:9
    Orc (2/2) D:10            Elf (0/3) Orc:2       Volcano (1/1)
Gauntlet (visited)
  Swamp: Lair:2-4    Shoals: Lair:2-4     Snake: Lair:2-4    Spider: Lair:2-4

Altars:
Ashenzari
Elyvilon
Fedhas
Gozag
Kikubaaqudgha
Makhleb
Nemelex Xobeh
Okawaru
Qazlal
Ru
Trog
Uskayaw
Wu Jian
Xom
Yredelemnul
Zin
The Shining One
Beogh

Shops:
D:5 *   D:7 %   Orc:2 ?=([*

Annotations:
Orc:1 Zephyr, mopl's ghost, journeyman HOSk


Innate Abilities, Weirdness & Mutations

You have a pair of antennae on your head.
You are partially covered in iridescent scales. (AC +2)
You sometimes gain power by taking damage.
You are mostly covered in sharp spines.


Message History

Your red draconian rages.
u - 3 potions of stabbing (gained 1)
The red draconian is no longer charmed.
You see here 27 gold pieces.
The red draconian is struck by your spines.
The red draconian hits you but does no damage.
Evoke which item? (* to show all) (? for menu, Esc to quit)
Aiming: Iceblast
Press: ? - help, Shift-Dir - straight line The mass of ice explodes!
The iceblast engulfs the red draconian!
The red draconian is severely wounded.
The red draconian is struck by your spines.
The red draconian barely misses you.
Evoke which item? (* to show all) (? for menu, Esc to quit)
Aiming: Iceblast
Press: ? - help, Shift-Dir - straight line The mass of ice explodes!
The iceblast engulfs the red draconian!
The red draconian is almost dead.
The red draconian hits you with a +1 great sword of flaming!!
You die...

########
##%..(.)##
#|.)([_$∩#
#...)[.d@#
#..####### ####
##.).##### ...###
####○○○○#
....8#####≈≈≈.####
.......+.####.≈≈≈#
....8###.#°°≈.####
§...## #.####.≈○○#
...## #.#○○≈.####


You could see a red draconian (berserk).

Vanquished Creatures
  A minotaur (Gauntlet)
  A great orb of eyes (Gauntlet)
  Harold (D:7)
  3 hydras (Lair:1)
  2 two-headed ogres
  An orc high priest (Orc:2)
  A salamander mystic (Volcano)
  Pikel (D:7)
  An obsidian statue (Volcano)
  3 orc knights
  2 ugly things (Gauntlet)
  3 elephants (Lair:3)
  4 spiny frogs
  A gargoyle (D:10)
  Maggie (D:7)
  A smoke demon (Gauntlet)
  3 minotaur zombies (Gauntlet)
  A kobold demonologist (D:10)
  A komodo dragon (Lair:1)
  A red devil (Gauntlet)
  4 hornets
  7 trolls
  4 blink frogs (Lair:2)
  Sigmund (D:5)
  A spriggan (D:7)
  A wyvern (D:10)
  Eustachio (D:5)
  8 yaks
  7 fire bats
  4 wargs
  3 water moccasins
  Duvessa (D:5)
  2 porcupines
  33 orc warriors
  4 phantoms
  An ice beast (D:8)
  A black bear (D:8)
  3 wolves (Lair:3)
  13 ogres
  2 centaurs
  A necrophage (D:11)
  4 crocodiles
  11 big kobolds
  2 wyvern zombies
  6 bullfrogs
  A gnoll sergeant (D:5)
  A wyvern skeleton (D:10)
  Dowan (D:5)
  2 scorpions (D:10)
  10 killer bees (D:9)
  14 wights
  4 vampire bats (D:6)
  9 crimson imps
  5 lava snakes (Volcano)
  A bullfrog zombie (D:8)
  A jelly (D:8)
  19 orc priests
  6 hounds
  4 centaur skeletons
  2 bullfrog skeletons
  22 orc wizards
  Jessica (D:2)
  Ijyb (D:2)
  6 worker ants
  2 iguanas
  A killer bee zombie (D:10)
  3 hound zombies
  A hound skeleton (D:4)
  A howler monkey zombie (D:7)
  Robin (D:2)
  6 gnolls
  8 adders
  6 shadow imps
  An ooze (D:3)
  2 adder skeletons
  An adder zombie (D:5)
  5 worms
  3 dart slugs
  10 leopard geckos
  98 orcs
  6 ball pythons
  13 bats
  8 giant cockroaches
  24 goblins
  7 hobgoblins
  14 jackals
  34 kobolds
  6 quokkas
  4 frilled lizards
  2 gnoll zombies (D:4)
  A jackal skeleton (D:3)
  13 kobold skeletons (D:10)
  5 kobold zombies (D:10)
  2 leopard gecko zombies
  A quokka zombie (D:9)
  3 rats
560 creatures vanquished.

Vanquished Creatures (collateral kills)
  Saint Roka (Orc:2)
  An orc warlord (Orc:2)
  An orc knight (Orc:2)
  2 salamanders (Volcano)
  An ogre (Orc:2)
  2 orc warriors (Orc:2)
  An orc wizard (Orc:2)
  4 orc priests (Orc:2)
  4 orcs (Orc:2)
17 creatures vanquished.

Vanquished Creatures (others)
  2 orc warriors (Orc:2)
  An orc priest (Orc:2)
  7 fungi (Gauntlet)
  18 plants
28 creatures vanquished.

Grand Total: 605 creatures vanquished

Notes
Turn   | Place    | Note
-------+----------+-------------------------------------------
     0 | D:1      | mopl the Demonspawn Artificer began the quest for the Orb.
     0 | D:1      | Reached XP level 1. HP: 15/15 MP: 3/3
    84 | D:1      | Reached skill level 1 in Armour
    84 | D:1      | Gained mutation: You are partially covered in iridescent
                  | scales. (AC +2) [demonic ancestry]
    84 | D:1      | Reached XP level 2. HP: 19/21 MP: 4/4
   449 | D:1      | Reached skill level 2 in Fighting
   492 | D:1      | Reached XP level 3. HP: 12/27 MP: 5/5
  1250 | D:2      | Reached XP level 4. HP: 11/34 MP: 6/6
  1481 | D:2      | Noticed Ijyb
  1507 | D:2      | Killed Ijyb
  1507 | D:2      | Reached skill level 3 in Fighting
  2183 | D:2      | Noticed Jessica
  2207 | D:2      | Killed Jessica
  2207 | D:2      | Reached XP level 5. HP: 20/41 MP: 7/7
  2468 | D:2      | Noticed Robin
  2485 | D:2      | Killed Robin
  2631 | D:3      | Noticed a water moccasin
  2643 | D:3      | Killed a water moccasin
  2643 | D:3      | Reached skill level 4 in Fighting
  2643 | D:3      | Gained mutation: You are partially covered in sharp spines.
                  | [demonic ancestry]
  2643 | D:3      | Reached XP level 6. HP: 36/48 MP: 8/8
  2804 | D:3      | Found a hide-covered altar of Uskayaw.
  2908 | D:3      | Noticed a hornet
  2910 | D:3      | Paralysed by a hornet for 1 turns
  2915 | D:3      | Killed a hornet
  2915 | D:3      | Reached skill level 5 in Fighting
  2915 | D:3      | Gained mutation: You sometimes gain a little power by
                  | taking damage. [demonic ancestry]
  2915 | D:3      | Reached XP level 7. HP: 22/56 MP: 9/9
  3529 | D:4      | Reached skill level 5 in Armour
  3583 | D:4      | Reached skill level 6 in Fighting
  3846 | D:4      | Found a basalt altar of Yredelemnul.
  4095 | D:5      | Entered Level 5 of the Dungeon
  4100 | D:5      | Found a stormy altar of Qazlal.
  4309 | D:5      | Noticed Sigmund
  4329 | D:5      | Reached XP level 8. HP: 49/65 MP: 6/10
  4341 | D:5      | Killed Sigmund
  4399 | D:5      | Found a bloodstained altar of Trog.
  4432 | D:5      | Found Saefoegg's General Store.
  4435 | D:5      | Bought a potion of stabbing for 56 gold pieces
  4435 | D:5      | Bought 2 scrolls of amnesia for 98 gold pieces
  4490 | D:5      | Reached skill level 7 in Fighting
  4581 | D:5      | Noticed Dowan
  4581 | D:5      | Noticed Duvessa
  4612 | D:5      | Killed Duvessa
  4670 | D:5      | Killed Dowan
  4703 | D:5      | Found a staircase to the Ecumenical Temple.
  4730 | Temple   | Entered the Ecumenical Temple
  4746 | Temple   | Became a worshipper of Makhleb the Destroyer
  4793 | D:5      | Noticed Eustachio
  4813 | D:5      | Killed Eustachio
  4813 | D:5      | Reached skill level 1 in Invocations
  5062 | D:6      | Found Sidot's Magic Scroll Emporium.
  5070 | D:6      | Bought a scroll of teleportation for 36 gold pieces
  5070 | D:6      | Bought a scroll of fog for 24 gold pieces
  5070 | D:6      | Bought a scroll of immolation for 42 gold pieces
  5147 | D:6      | Gained mutation: You have a pair of small antennae on your
                  | head. [demonic ancestry]
  5147 | D:6      | Reached XP level 9. HP: 74/74 MP: 11/11
  5150 | D:6      | Reached * piety under Makhleb
  5278 | D:6      | Found a blossoming altar of Fedhas.
  5522 | D:7      | Noticed Maggie
  5546 | D:7      | Killed Maggie
  5546 | D:7      | Reached skill level 8 in Fighting
  5566 | D:7      | Reached skill level 1 in Axes
  5585 | D:7      | Paralysed by a hornet for 2 turns
  5840 | D:7      | Found Puheosof's Food Boutique.
  5895 | D:7      | Noticed Pikel
  5907 | D:7      | Killed Pikel
  6470 | D:7      | Noticed Harold
  6486 | D:7      | Killed Harold
  6486 | D:7      | Reached skill level 5 in Invocations
  6486 | D:7      | Gained mutation: You have a pair of antennae on your head.
                  | [demonic ancestry]
  6486 | D:7      | Reached XP level 10. HP: 34/82 MP: 2/14
  6688 | D:8      | Reached skill level 5 in Dodging
  6909 | D:6      | Bought a scroll of identify for 24 gold pieces
  7014 | D:8      | Reached ** piety under Makhleb
  7339 | D:8      | Found a shimmering altar of Xom.
  7346 | D:8      | Found a shattered altar of Ashenzari.
  7613 | D:9      | Reached skill level 9 in Fighting
  7664 | D:9      | Reached skill level 5 in Axes
  8213 | D:9      | Found a staircase to the Lair.
  8695 | D:10     | Entered Level 10 of the Dungeon
  8727 | D:10     | Noticed a two-headed ogre
  8761 | D:10     | Killed a two-headed ogre
  8976 | D:10     | Reached *** piety under Makhleb
  8991 | D:10     | Found a staircase to the Orcish Mines.
  8996 | D:10     | Reached XP level 11. HP: 81/89 MP: 16/16
  9177 | D:10     | Found an ancient bone altar of Kikubaaqudgha.
  9191 | D:10     | Reached **** piety under Makhleb
 10376 | Orc:1    | Entered Level 1 of the Orcish Mines
 10379 | Orc:1    | Noticed an orc knight
 10390 | Orc:1    | Killed an orc knight
 10450 | Orc:2    | Entered Level 2 of the Orcish Mines
 10451 | Orc:2    | Noticed a two-headed ogre
 10462 | Orc:2    | Killed a two-headed ogre
 10462 | Orc:2    | Reached ***** piety under Makhleb
 10467 | Orc:2    | Reached skill level 10 in Fighting
 10542 | Orc:2    | Found a gate leading to a gauntlet.
 10564 | Gauntlet | Entered a Gauntlet
 10564 | Gauntlet | Found a transporter.
 10577 | Gauntlet | Found a transporter.
 10577 | Gauntlet | Found a transporter.
 10579 | Gauntlet | Found a transporter.
 10593 | Gauntlet | Found a transporter.
 10608 | Gauntlet | Found a transporter.
 10610 | Gauntlet | Found a large runed translucent door.
 10610 | Gauntlet | Found a large runed translucent door.
 10611 | Gauntlet | Found a large runed translucent door.
 10611 | Gauntlet | Found a large runed translucent door.
 10612 | Gauntlet | Found a large runed translucent door.
 10612 | Gauntlet | Found a large runed translucent door.
 10612 | Gauntlet | Found a runed translucent door.
 10612 | Gauntlet | Found a runed translucent door.
 10612 | Gauntlet | Found a large runed translucent door.
 10612 | Gauntlet | Found a large runed translucent door.
 10613 | Gauntlet | Found a large runed translucent door.
 10613 | Gauntlet | Found a large runed translucent door.
 10614 | Gauntlet | Found a transporter.
 10628 | Gauntlet | Noticed a fire crab
 10629 | Gauntlet | Found a transporter.
 10644 | Gauntlet | Found a large runed translucent door.
 10644 | Gauntlet | Noticed a death yak
 10644 | Gauntlet | Noticed a death yak
 10645 | Gauntlet | Found a large runed translucent door.
 10645 | Gauntlet | Noticed a death yak
 10645 | Gauntlet | Noticed a death yak
 10646 | Gauntlet | Found a large runed translucent door.
 10646 | Gauntlet | Noticed a death yak
 10646 | Gauntlet | Noticed a necromancer
 10647 | Gauntlet | Found a runed translucent gate.
 10647 | Gauntlet | Noticed a death yak
 10648 | Gauntlet | Found a transporter.
 10648 | Gauntlet | Found a runed translucent gate.
 10649 | Gauntlet | Found a runed translucent gate.
 10650 | Gauntlet | Found a large runed translucent door.
 10651 | Gauntlet | Found a large runed translucent door.
 10652 | Gauntlet | Found a large runed translucent door.
 10660 | Gauntlet | Found a transporter.
 10681 | Gauntlet | Found a transporter.
 10693 | Gauntlet | Found a transporter.
 10693 | Gauntlet | Noticed a cacodemon
 10702 | Gauntlet | Noticed a cyan ugly thing
 10704 | Gauntlet | Noticed a great orb of eyes
 10705 | Gauntlet | Found a transporter.
 10705 | Gauntlet | Noticed a green ugly thing
 10722 | Gauntlet | Found a transporter.
 10739 | Gauntlet | Found a transporter.
 10741 | Gauntlet | Found a transporter.
 10770 | Gauntlet | Found a transporter.
 10772 | Gauntlet | Found a transporter.
 10794 | Gauntlet | Reached skill level 5 in Evocations
 11205 | Gauntlet | Paralysed by a great orb of eyes for 2 turns
 11208 | Gauntlet | Killed a great orb of eyes
 11208 | Gauntlet | Gained mutation: You sometimes gain power by taking damage.
                  | [demonic ancestry]
 11208 | Gauntlet | Reached XP level 12. HP: 41/97 MP: 11/18
 11220 | Gauntlet | Got a pair of translucent gloves
 11231 | Gauntlet | Identified the +2 pair of gloves "Foekeogy" {Str+6} (You
                  | found it in a Gauntlet)
 11368 | Gauntlet | Noticed a minotaur
 11380 | Gauntlet | Killed a minotaur
 11806 | Orc:2    | Found a staircase to the Elven Halls.
 11838 | Orc:2    | Found Xuhur's General Store.
 11852 | Orc:2    | Found a roughly hewn altar of Beogh.
 11965 | Orc:1    | Found a roughly hewn altar of Beogh.
 12127 | Orc:1    | Found a runed translucent door.
 12130 | Orc:1    | Noticed mopl's ghost (journeyman HOSk)
 12131 | Orc:1    | Found the +8 longbow "Zephyr" {speed, Dex+3 SInv}
 12504 | Orc:2    | Noticed Saint Roka
 12729 | Orc:2    | Found a roughly hewn altar of Beogh.
 12753 | Orc:2    | Found Zepeapiu's Jewellery Shop.
 12885 | Orc:2    | Killed Saint Roka
 13127 | Orc:2    | Found a roughly hewn altar of Beogh.
 13198 | Orc:2    | Noticed an orc warlord
 13222 | Orc:2    | Killed an orc warlord
 13222 | Orc:2    | Reached skill level 10 in Invocations
 13225 | Orc:2    | Noticed an orc high priest
 13231 | Orc:2    | Killed an orc high priest
 13237 | Orc:2    | Reached ****** piety under Makhleb
 13306 | Orc:2    | Found Wikoedd's Antique Weapon Shop.
 13307 | Orc:2    | Found a roughly hewn altar of Beogh.
 13308 | Orc:2    | Found Eborhiv's Antique Armour Boutique.
 13364 | Orc:2    | Found a roughly hewn altar of Beogh.
 13373 | Orc:2    | Gained mutation: You are mostly covered in sharp spines.
                  | [demonic ancestry]
 13373 | Orc:2    | Reached XP level 13. HP: 105/105 MP: 20/20
 13380 | Orc:2    | Found Jaefyw's Magic Scroll Shoppe.
 13385 | Orc:2    | Bought a scroll of remove curse for 51 gold pieces
 13385 | Orc:2    | Bought a scroll of enchant armour for 127 gold pieces
 13385 | Orc:2    | Bought a scroll of identify for 34 gold pieces
 13385 | Orc:2    | Bought a scroll of identify for 34 gold pieces
 13385 | Orc:2    | Bought a scroll of fog for 34 gold pieces
 13385 | Orc:2    | Bought a scroll of teleportation for 51 gold pieces
 13385 | Orc:2    | Bought a scroll of teleportation for 51 gold pieces
 13385 | Orc:2    | Bought a scroll of teleportation for 51 gold pieces
 13385 | Orc:2    | Bought a scroll of immolation for 59 gold pieces
 13385 | Orc:2    | Bought 3 scrolls of identify for 102 gold pieces
 13556 | D:6      | Bought a scroll of vulnerability for 90 gold pieces
 13556 | D:6      | Bought a scroll of vulnerability for 90 gold pieces
 13556 | D:6      | Bought a scroll of vulnerability for 90 gold pieces
 13556 | D:6      | Bought a scroll of enchant armour for 90 gold pieces
 13556 | D:6      | Bought a scroll of enchant armour for 90 gold pieces
 13901 | Lair:1   | Entered Level 1 of the Lair of Beasts
 14285 | Lair:1   | Reached skill level 10 in Armour
 14900 | Lair:2   | Reached skill level 11 in Fighting
 15541 | Lair:3   | Reached skill level 10 in Axes
 15553 | Lair:3   | Found a dark tunnel.
 15569 | Volcano  | Entered a volcano
 15674 | Volcano  | Noticed a red draconian
 15683 | Volcano  | Found a radiant altar of Vehumet.
 15697 | Volcano  | Slain by a red draconian

Illustrated notes

Levels and vault maps discovered:
D:1:      lemuel_arrival_lava_pool, layout_basic
D:2:      kennysheep_the_goblin_king, layout_loops_ring, uniq_robin,
          uniq_jessica
D:3:      layout_loops_cross, nicolae_overflow_crystal_walls, minmay_distorted
D:4:      layout_rooms, lemuel_zombie_altar_yredelemnul, first_ration,
          minivault_5
D:5:      layout_loops_ring, kennysheep_mini_moat, lemuel_round_altar,
          temple_fountains, serial_shops, nicolae_shop_behind_doors,
          uniq_eustachio, uniq_duvessa, uniq_sigmund
D:6:      layout_gridville, fedhas_altar_1, serial_shops, shop_scrolls,
          roderic_batcave
D:7:      layout_gridville, serial_shops, shop, the_bakery, uniq_harold,
          uniq_maggie, uniq_pikel
D:8:      layout_cave_pools, amethyst_overflow_temple_binary
D:9:      layout_loops_corners, erik_lair_orcish_takeover, st_stairs_2
D:10:     wander_kiku_kobolds, layout_irregular_city, orc_david_3, minivault_27
D:11:     layout_cave_pods
Temple:   eino_wide_crystal_templ
Lair:1:   layout_roguey, minivault_11, beast_lair_carwin_11, grunt_megastairs_1,
          lemuel_fruit_fields
Lair:2:   layout_regular_city
Lair:3:   layout_cave_shapes, nicolae_spider_entry_non_spiders,
          nicolae_volcano_entry_batcave, serial_bayou_ford_a
Orc:1:    layout_diamond_mine, basic_altar, ebering_ghost_reflecting_pool
Orc:2:    grunt_orc_community_town_hall, layout_caves,
          grunt_orc_community_big_house_2, grunt_orc_community_big_house_2,
          grunt_orc_community_house_3, grunt_orc_community_house_3,
          grunt_orc_community_house_2, grunt_orc_community_house_3,
          serial_shops, shop, gauntlet_entry_generic, uniq_saint_roka
Volcano:  volcano_grotto [vgs_trial_by_fire]

Skill      XL: |  1  2  3  4  5  6  7  8  9 10 11 12 13 |
---------------+----------------------------------------+-----
Armour         | 1 2 3 4 5 7 8 9 10 | 10.3
Fighting       | 2 3 4 5 6 7 8 9 10 11 | 11.2
Dodging        | 3 4 5 6 7 8 |  8.3
Invocations    | 2 5 7 8 10 | 10.9
Axes           | 3 5 7 9 10 | 10.2
Evocations     | 5 6 7 |  7.3
Short Blades   | |  0.8
Stealth        | |  0.8

Action                   |  1- 3 |  4- 6 |  7- 9 | 10-12 | 13-15 || total
-------------------------+-------+-------+-------+-------+-------++-------
Melee: Short sword       |    30 |       |       |       |       ||    30
       Dagger            |    82 |   166 |   386 |   308 |       ||   942
       Broad axe         |       |       |       |   498 |   147 ||   645
Throw: Dart              |       |       |       |     3 |       ||     3
Invok: Lesser Servant of |       |       |       |     2 |       ||     2
Evoke: Wand              |       |     1 |     1 |    11 |     5 ||    18
       Phantom mirror    |       |       |       |     1 |       ||     1
  Use: Scroll            |       |     3 |     1 |     9 |    10 ||    23
       Potion            |       |     1 |       |     3 |       ||     4
 Stab: Sleeping          |     2 |       |       |       |       ||     2
       Confused          |       |     1 |       |       |       ||     1
       Distracted        |       |       |       |     1 |       ||     1
  Eat: Chunk             |     1 |     6 |    10 |    22 |     7 ||    46
       Ration            |       |       |       |     1 |       ||     1
Armor: Leather armour    |    27 |       |       |       |       ||    27
       Ring mail         |    14 |    12 |       |       |       ||    26
       Scale mail        |       |    58 |    38 |       |       ||    96
       Plate armour      |       |       |   125 |   134 |       ||   259
       Skin              |       |       |     5 |       |       ||     5
       Chain mail        |       |       |       |   284 |   107 ||   391
Dodge: Dodged            |    75 |    71 |   101 |   376 |   109 ||   732
Block: Buckler           |       |       |    34 |   197 |    36 ||   267
